Map: Babylon LE

Players

ИИ 1 (новичок) - Winner!

  • Race: Zerg Zerg
  • Spawn Location: 11:00

TryHardLoser

  • Race: Terran Terran
  • League: Diamond
  • Spawn Location: 5:00

VOD

Have the link to the VOD?

Description

Time

  • Played on: July 12, 2023, 12:53 p.m.
  • Length: 2:33
Show
View Real Time Build Order
Export as new Build Order

ИИ 1 (новичок) Zerg - Winner!

Build Orders: Pool Only 

Get SALT Encoding   

  12  0:00  Drone  
  13  0:12  Overlord  
  13  0:17  Drone  
  14  0:35  Spawning Pool  
  13  0:37  Extractor  
  13  0:40  Drone  
  13  0:47  Drone  
  14  0:53  Overlord  
  14  1:22  Queen, Zergling x2  
  17  1:35  Roach Warren  
  17  1:36  Extractor  
  15  1:40  Drone  
  15  1:43  Zergling x2  
  17  1:47  Drone  
  18  2:02  Drone  
  18  2:03  Zergling x2  
  20  2:12  Drone  
Show
View Real Time Build Order
Export as new Build Order

TryHardLoser Terran 

Build Orders:  

Get SALT Encoding   

  12  0:00  SCV  
  13  0:15  Supply Depot  
  13  0:39  Barracks  
  13  0:44  Barracks  
  13  0:59  Barracks  
  13  1:03  SCV  
  14  1:26  Marine  
  14  1:28  Barracks  
  15  1:35  Supply Depot  
  15  1:41  Marine  
  15  1:44  Marine  
  15  1:46  Marine  
  18  1:59  Marine  
  19  2:02  Marine  
  19  2:04  Marine  
  21  2:20  Bunker  
Tags
 
League
Diamond
Matchup
ЗvТ
Opening
Pool Only
Spawn Locations
Cross Positions
Add a new tag
Caveats
  • Supply blocks, unpowered buildings, or Contaminate may cause inaccurate times.
  • Supply counts are checked every 10 seconds.